 Dungeon Crawl Stone Soup version 0.17.1-3-g152610e (webtiles) character file.

56 Heskey the Sneak (level 3, -3/18 HPs)
             Began as a Spriggan Assassin on Mar 29, 2016.
             Killed from afar by Sigmund (5 damage)
             ... with a magic dart
             ... on level 3 of the Dungeon.
             The game lasted 00:02:03 (1818 turns).

Heskey the Sneak (Spriggan Assassin)                Turns: 1818, Time: 00:02:04

Health: -3/18      AC:  3    Str:  8    XL:     3   Next: 69%
Magic:  4/4        EV: 18    Int: 12    God:
Gold:   102        SH:  0    Dex: 17    Spells: 0 memorised, 2 levels left

rFire  . . .     SeeInvis +     a - +2 dagger
rCold  . . .     Clarity  .     c - +0 robe
rNeg   . . .     SustAt   .     (shield restricted)
rPois  .         Gourm    .     (helmet restricted)
rElec  .         Spirit   .     d - +0 cloak
rCorr  .         Warding  .     (gloves unavailable)
rMut   .         Stasis   .     (boots unavailable)
MR     .....                    (no amulet)
Stlth  ++++......               (no ring)
                                (no ring)

@: very quick, not resistant to hostile enchantments, stealthy
A: unfitting armour, see invisible, herbivore 3, speed 3, slow metabolism 2
a: no special abilities


You were on level 3 of the Dungeon.
You were not hungry.

You visited 1 branch of the dungeon, and saw 3 of its levels.

You collected 102 gold pieces.

Inventory:

Hand Weapons
 a - a +2 dagger (weapon)
 b - a +0 blowgun
Missiles
 e - 17 poisoned needles
 f - 2 curare-tipped needles
Armour
 c - a +0 robe (worn)
 d - a +0 cloak (worn)
Jewellery
 s - an uncursed amulet of faith {unknown}
 t - an uncursed ring of sustain attributes {unknown}
Scrolls
 h - 4 scrolls of identify {unknown}
 l - 3 scrolls of enchant armour {unknown}
 m - a scroll of remove curse {unknown}
 p - a scroll of noise {unknown}
 q - a scroll of teleportation {unknown}
 r - a scroll of recharging {unknown}
Potions
 i - a potion of heal wounds {unknown}
 j - a potion of flight {unknown}
 k - 2 potions of agility {unknown}
 n - a potion of degeneration {unknown}
 o - a potion of curing {unknown}
Comestibles
 g - 4 bread rations
 u - 4 fruits


   Skills:
 + Level 2.0 Fighting
 + Level 2.6 Short Blades
 - Level 2.0 Throwing
 + Level 3.2 Dodging
 + Level 6.7 Stealth


You had 2 spell levels left.
You didn't know any spells.

Dungeon Overview and Level Annotations

Branches:
Dungeon (3/15)

Altars:
Qazlal

Annotations:
D:3 Sigmund


Innate Abilities, Weirdness & Mutations

You are tiny and cannot use many weapons and most armour.
You have supernaturally acute eyesight.
You are a herbivore.
You cover ground extremely quickly.
You need consume almost no food.


Message History

You see here a rat corpse.
Found a stone staircase leading down.
Key pressed, stopping explore.
No target in view!
No target in view!
Sigmund the Dreaded comes into view.
He is wielding a scythe.
Sigmund is nearby!
You closely miss Sigmund.
Sigmund points at you and mumbles some strange words.
The magic dart hits you!
Sigmund is nearby!
You hit Sigmund.
Sigmund is lightly wounded.
Sigmund hits you with a scythe!
Ouch! That really hurt!
* * * LOW HITPOINT WARNING * * *
You are too injured to fight recklessly!
Sigmund points at you and mumbles some strange words.
The magic dart hits you!
You die...

##################
#........((.......
#†################
#@# ###.#######
#.........#
#.#.#####.# #.#.#
### #.#.#
#.###.#.#####.##
#......@....>...
#.###.#.####..#


You could see Sigmund.

Vanquished Creatures
  2 adders (D:2)
  2 worms (D:2)
  2 giant geckos (D:1)
  2 hobgoblins (D:2)
  7 jackals (D:2)
  4 kobolds
  3 bats
  2 giant newts
  5 goblins
  3 rats
32 creatures vanquished.

Notes
Turn   | Place    | Note
--------------------------------------------------------------
     0 | D:1      | Heskey the Spriggan Assassin began the quest for the Orb.
     0 | D:1      | Reached XP level 1. HP: 10/10 MP: 2/2
   172 | D:1      | Reached skill level 6 in Stealth
   642 | D:2      | Reached XP level 2. HP: 11/14 MP: 3/3
   758 | D:2      | Reached XP level 3. HP: 9/18 MP: 4/4
  1168 | D:2      | Found a stormy altar of Qazlal.
  1171 | D:2      | Noticed a fire elemental
  1172 | D:2      | Noticed an air elemental
  1172 | D:2      | Noticed an earth elemental
  1172 | D:2      | Noticed a water elemental
  1804 | D:3      | Noticed Sigmund
  1818 | D:3      | Killed from afar by Sigmund

Action                   || total
-------------------------++-------
Melee: Dagger            ||    99
 Stab: Sleeping          ||    13
